 Dungeon Crawl Stone Soup version 0.31-a0-151-ge443d1f16c (webtiles) character file.

Game seed: 3286696021071299706

359 qw the Shooter (level 6, 0/39 HPs)
             Began as a Gargoyle Hunter on June 8, 2023.
             Slain by an orc
             ... wielding a +0 hand axe
              (2 damage)
             ... on level 4 of the Dungeon.
             The game lasted 00:01:11 (2604 turns).

qw the Shooter (Gargoyle Hunter)                    Turns: 2604, Time: 00:01:12

Health: 0/39       AC:  9    Str: 15    XL:     6   Next: 65%
Magic:  6/6        EV: 11    Int:  9    God:
Gold:   178        SH:  0    Dex: 15    Spells: 5/5 levels left

rFire   . . .        Y - +0 shortbow
rCold   . . .        (shield currently unavailable)
rNeg    + . .        d - +0 ring mail
rPois   inf          (no helmet)
rElec   +            (no cloak)
rCorr   .            (no gloves)
SInv    .            (no boots)
Will    .....        (no amulet)
Stlth   +            (no ring)
HPRegen 0.26/turn    (no ring)
MPRegen 0.10/turn

%: no passive effects
@: no status effects
A: sickness immunity, AC +4, negative energy resistance 1, electricity
resistance, torment resistance 1, petrification resistance
a: no special abilities


You were on level 4 of the Dungeon.
You visited 1 branch of the dungeon, and saw 4 of its levels.

You collected 178 gold pieces.


Innate Abilities, Weirdness & Mutations

You are immune to sickness and miasma.
Your stone body is resilient. (AC +4)
You are immune to poison.
You resist negative energy. (rN+)
You are resistant to electric shocks. (rElec)
You are resistant to unholy torment.
You are immune to petrification.


   Skills:
 - Level 4.6 Fighting
 + Level 6.6 Ranged Weapons
 - Level 1.0 Armour
 - Level 1.5 Dodging
 - Level 1.1 Stealth


You had 5 spell levels left.
You didn't know any spells.
Your spell library was empty.

Inventory:

Hand Weapons
 Y - a +0 shortbow (weapon)
Armour
 d - a +0 ring mail (worn)
Scrolls
 b - 2 scrolls of enchant armour
 c - 4 scrolls of identify
Potions
 e - 2 potions of curing

Dungeon Overview and Level Annotations

Branches:
Dungeon (4/15)
 Temple: D:4-7

Altars:


Message History

The orc hits you but does no damage. The orc priest misses you.
You shoot an arrow.
The arrow closely misses the orc priest.
The orc priest barely misses you. The orc hits you but does no damage.
You shoot an arrow. The arrow hits the orc priest.
The orc priest is lightly wounded.
The orc hits you with a +0 hand axe. The orc priest closely misses you.
You shoot an arrow.
The arrow hits the orc priest but does no damage.
The orc priest is lightly wounded.
The orc priest closely misses you. The orc hits you with a +0 hand axe.
You shoot an arrow. The arrow hits the orc priest!
The orc priest is severely wounded.
The orc hits you with a +0 hand axe. The orc priest barely misses you.
You shoot an arrow.
The arrow hits the orc priest but does no damage.
The orc priest is severely wounded.
The orc barely misses you. The orc priest barely misses you.
The orc hits you but does no damage.
The orc priest hits you but does no damage.
You shoot an arrow.
The arrow completely misses the orc priest.
The orc hits you but does no damage. The orc priest barely misses you.
You shoot an arrow.
The arrow closely misses the orc priest.
The orc hits you with a +0 hand axe. The orc priest closely misses you.
You shoot an arrow.
The arrow closely misses the orc priest.
The orc priest completely misses you. The orc hits you with a +0 hand axe.
You shoot an arrow. The arrow barely misses the orc priest.
The orc misses you. The orc priest closely misses you.
You shoot an arrow.
The arrow closely misses the orc priest.
The orc completely misses you.
The orc priest hits you but does no damage.
You shoot an arrow.
The arrow closely misses the orc priest.
The orc barely misses you. The orc priest barely misses you.
The orc hits you with a +0 hand axe.
You die...

#. ## #. .# .. .#
.. #. $# ..B###.
.#######
..o....#........
o..g.S.S.......#
###o### #..
#.@o..###..
##.....##.#
##..%..#.#
##....#.#########
##...'.#........
##..#...#######
##.#.....#....
###.###.#.###
#.###.#.###


You could see an orc priest, an adder and an orc.

Vanquished Creatures
  A black bear (D:3)
  A bullfrog (D:4)
  2 orc priests
  An adder (D:4)
  4 gnolls (D:3)
  A white imp (D:3)
  A worm (D:3)
  A dart slug (D:2)
  11 orcs
  5 endoplasms
  4 giant cockroaches
  5 goblins
  8 hobgoblins
  2 jackals (D:1)
  2 quokkas (D:1)
  9 ball pythons
  9 bats
  4 frilled lizards
  5 kobolds
  5 rats
81 creatures vanquished.

Notes
Turn   | Place    | Note
-------+----------+-------------------------------------------
     0 | D:1      | qw the Gargoyle Hunter began the quest for the Orb.
     0 | D:1      | Reached XP level 1. HP: 12/12 MP: 1/1
     0 | D:1      | 0 ||| qw: Version: 0.2-a-120-gdf1a93b
     0 | D:1      | 0 ||| qw: Game counter: 3098
     0 | D:1      | 0 ||| qw: Always use a shield: true
     0 | D:1      | 0 ||| qw: God list: Okawaru
     0 | D:1      | 0 ||| qw: Allow faded altars: false
     0 | D:1      | 0 ||| qw: Do Orc after D:15 true
     0 | D:1      | 0 ||| qw: Do second Lair branch before Depths: true
     0 | D:1      | 0 ||| qw: Lair rune preference: random
     0 | D:1      | 0 ||| qw: Plans: Normal
     0 | D:1      | 0 ||| PLANNING D:1-11
    58 | D:1      | Reached XP level 2. HP: 12/17 MP: 2/2
   403 | D:1      | Reached XP level 3. HP: 21/21 MP: 3/3
   412 | D:1      | Reached skill level 5 in Ranged Weapons
   734 | D:1      | 734 ||| UPGRADING to +0 ring mail.
   744 | D:1      | 744 ||| DROPPING +0 leather armour.
   745 | D:1      | 745 ||| READING 3 scrolls labelled ACHEXK FINYX.
   746 | D:1      | 746 ||| READING scroll labelled ASTRYS GUEJI.
   747 | D:1      | 747 ||| READING scroll labelled AFIHY YLIN.
   748 | D:1      | 748 ||| DROPPING 2 scrolls of magic mapping.
   749 | D:1      | 749 ||| DROPPING scroll of butterflies.
   998 | D:2      | Reached skill level 1 in Armour
  1105 | D:2      | 1105 ||| READING scroll labelled FUC SOUMANKEI.
  1106 | D:2      | 1106 ||| READING 2 scrolls labelled SUEMUDA VUJUNE.
  1229 | D:3      | Noticed a black bear
  1238 | D:3      | HP: 5/22 [black bear (2)]
  1239 | D:3      | HP: 1/22 [black bear (5)]
  1240 | D:3      | Killed a black bear
  1241 | D:3      | Reached XP level 4. HP: 1/30 MP: 4/4
  1241 | D:3      | Reached XP level 5. HP: 2/34 MP: 5/5
  1582 | D:3      | 1582 ||| Stepping ~*~*~tactically~*~*~ (outnumbered).
  1592 | D:3      | 1592 ||| DROPPING +6 ring of intelligence.
  1594 | D:3      | 1594 ||| FLEEEEING.
  1596 | D:3      | 1596 ||| FLEEEEING.
  1601 | D:3      | 1601 ||| FLEEEEING.
  1624 | D:3      | 1624 ||| FLEEEEING.
  1625 | D:3      | 1625 ||| FLEEEEING.
  1626 | D:3      | 1626 ||| FLEEEEING.
  1627 | D:3      | 1627 ||| FLEEEEING.
  1628 | D:3      | 1628 ||| FLEEEEING.
  1629 | D:3      | 1629 ||| FLEEEEING.
  1630 | D:3      | 1630 ||| FLEEEEING.
  1631 | D:3      | 1631 ||| FLEEEEING.
  1632 | D:3      | 1632 ||| FLEEEEING.
  1633 | D:3      | 1633 ||| FLEEEEING.
  1634 | D:3      | 1634 ||| FLEEEEING.
  1635 | D:3      | 1635 ||| FLEEEEING.
  1636 | D:3      | 1636 ||| FLEEEEING.
  1637 | D:3      | 1637 ||| FLEEEEING.
  1638 | D:3      | 1638 ||| FLEEEEING.
  1639 | D:3      | 1639 ||| FLEEEEING.
  1640 | D:3      | 1640 ||| FLEEEEING.
  1641 | D:3      | 1641 ||| FLEEEEING.
  1642 | D:3      | 1642 ||| FLEEEEING.
  1643 | D:3      | 1643 ||| FLEEEEING.
  1644 | D:3      | 1644 ||| FLEEEEING.
  1645 | D:3      | 1645 ||| FLEEEEING.
  1646 | D:3      | 1646 ||| FLEEEEING.
  1647 | D:3      | 1647 ||| FLEEEEING.
  1648 | D:3      | 1648 ||| FLEEEEING.
  1649 | D:3      | 1649 ||| FLEEEEING.
  1650 | D:3      | 1650 ||| FLEEEEING.
  1651 | D:3      | 1651 ||| FLEEEEING.
  1652 | D:3      | 1652 ||| FLEEEEING.
  1653 | D:3      | 1653 ||| FLEEEEING.
  1654 | D:3      | 1654 ||| FLEEEEING.
  1655 | D:3      | 1655 ||| FLEEEEING.
  1858 | D:3      | 1858 ||| FLEEEEING.
  1866 | D:3      | Reached XP level 6. HP: 22/39 MP: 6/6
  2227 | D:3      | Found a faded altar of an unknown god.
  2281 | D:3      | 2281 ||| DRINKING 3 sedimented clear potions.
  2282 | D:3      | 2282 ||| READING 4 scrolls of identify.
  2282 | D:3      | 2282 ||| IDENTIFYING white potion
  2283 | D:3      | 2283 ||| DROPPING potion of enlightenment.
  2364 | D:4      | Reached skill level 6 in Ranged Weapons
  2568 | D:4      | 2568 ||| Stepping ~*~*~tactically~*~*~ (outnumbered).
  2595 | D:4      | HP: 9/39 [orc/+0 hand axe (6)]
  2597 | D:4      | HP: 3/39 [orc/+0 hand axe (5)]
  2601 | D:4      | HP: 1/39 [orc/+0 hand axe (1)]
  2604 | D:4      | Slain by an orc

Levels and vault maps discovered:
D:1:      heliophobic_arrival_glass_houses, layout_loops_ring
D:2:      layout_rooms, nicolae_concentric_dashed_squares_wild
D:3:      layout_loops_ring, dreamdust_ecumenical_altar_sealed_demon
D:4:      layout_loops_ring, tgw_trog, st_stairs_9, minmay_quadrilaterals

Skill      XL: |  1  2  3  4  5  6 |
---------------+-------------------+-----
Ranged Weapons | 5 6 |  6.6
Armour         | 1 |  1.0
Fighting       | 4 |  4.6
Dodging        | |  1.5
Stealth        | |  1.1

Action                     |  1- 3 |  4- 6 || total
---------------------------+-------+-------++-------
   Fire: Shortbow          |   142 |   147 ||   289
    Use: Scroll            |     5 |     1 ||     6
         Potion            |       |     1 ||     1
 Armour: Leather armour    |    20 |       ||    20
         Ring mail         |    22 |    42 ||    64
  Dodge: Dodged            |    43 |    51 ||    94

Table legend:
 A = Non-vault XP
 B = Vault XP
 C = Vault XP percentage of total XP
 D = Non-vault monster count
 E = Vault monster count
 F = Vault count percentage of total count
                 A         B        C        D         E       F
            +---------+---------+-------+---------+---------+-------
      Total |     514 |       0 |   0.0 |      81 |       0 |   0.0
            +---------+---------+-------+---------+---------+-------
        D:1 |      53 |       0 |   0.0 |      31 |       0 |   0.0
        D:2 |      25 |       0 |   0.0 |      16 |       0 |   0.0
        D:3 |     261 |       0 |   0.0 |      18 |       0 |   0.0
        D:4 |     175 |       0 |   0.0 |      16 |       0 |   0.0
            +---------+---------+-------+---------+---------+-------
